 Dungeon Crawl Stone Soup version 0.27-a0-1331-g60ef6b6952 (webtiles) character file.

Game seed: 13277122562696200660

32 Harbin the Grasshopper (level 3, 0/31 HPs)
             Began as a Gnoll Warper on June 25, 2021.
             Slain by Crazy Yiuf (16 damage)
             ... on level 2 of the Dungeon.
             The game lasted 00:04:10 (1571 turns).

Harbin the Grasshopper (Gnoll Warper)               Turns: 1571, Time: 00:04:11

Health: 0/31       AC:  6    Str: 11    XL:     3   Next: 27%
Magic:  9/9        EV:  9    Int: 12    God:
Gold:   98         SH:  5    Dex: 11    Spells: 12/12 levels left

rFire    . . .     SeeInvis .   k - +0 short sword (vamp)
rCold    + . .     Faith    .   i - +2 buckler
rNeg     . . .     Spirit   .   g - +0 scale mail
rPois    .         Reflect  .   (no helmet)
rElec    .         Harm     .   (no cloak)
rCorr    .         Rampage  .   (no gloves)
Will     .....                  (no boots)
Stlth    ..........             f - amulet of regeneration
HPRegen  1.10/turn              l - ring of protection from cold
MPRegen  0.11/turn              (no ring)

@: no status effects
A: fangs 1, strong nose, distributed training
a: no special abilities


You were on level 2 of the Dungeon.
You visited 1 branch of the dungeon, and saw 2 of its levels.

You collected 98 gold pieces.

Inventory:

Hand Weapons
 a - a +0 falchion
 k - a +0 vampiric short sword (weapon)
Missiles
 d - 5 boomerangs of dispersal (quivered)
Armour
 b - a +0 leather armour
 g - a +0 scale mail (worn)
 i - a +2 buckler (worn)
Jewellery
 f - an amulet of regeneration (around neck)
 l - a ring of protection from cold (left hand)
 p - an amulet of reflection
Scrolls
 c - a scroll of blinking
 e - a scroll of enchant armour {unknown}
 j - a scroll of magic mapping {unknown}
 m - 2 scrolls of acquirement {unknown}
 n - a scroll of fear {unknown}
Potions
 h - a potion of might {unknown}
 o - a potion of haste {unknown}


   Skills:
 + Level 4.5 Fighting
 + Level 0.7 Short Blades
 + Level 4.5 Long Blades
 + Level 0.7 Axes
 + Level 0.7 Maces & Flails
 + Level 0.7 Polearms
 + Level 0.7 Staves
 + Level 0.7 Slings
 + Level 0.7 Bows
 + Level 0.7 Crossbows
 + Level 2.6 Throwing
 + Level 2.6 Armour
 + Level 4.5 Dodging
 + Level 0.7 Stealth
 + Level 0.7 Shields
 + Level 0.7 Unarmed Combat
 + Level 5.0 Spellcasting
 + Level 0.5 Conjurations
 + Level 0.5 Hexes
 + Level 0.5 Summonings
 + Level 0.5 Necromancy
 + Level 5.4 Translocations
 + Level 0.5 Transmutations
 + Level 0.5 Fire Magic
 + Level 0.5 Ice Magic
 + Level 0.5 Air Magic
 + Level 0.5 Earth Magic
 + Level 0.5 Poison Magic
 + Level 0.9 Invocations
 + Level 0.7 Evocations


You had 12 spell levels left.
You didn't know any spells.
Your spell library contained the following spells:

 Spells                   Type           Power      Damage    Failure   Level
 Blink                    Tloc           N/A        N/A       28%         2
 Gell's Gravitas          Tloc           8%         N/A       50%         3
 Lesser Beckoning         Tloc           8%         N/A       50%         3
 Teleport Other           Tloc           16%        N/A       50%         3
 Manifold Assault         Tloc           16%        N/A       99%         5


Dungeon Overview and Level Annotations

Branches:
Dungeon (2/15)

Altars:

Shops:
D:1 *

Annotations:
D:2 Crazy Yiuf


Innate Abilities, Weirdness & Mutations

You have very sharp teeth.
Your uncanny sense of smell can sniff out nearby items.
Your experience applies equally to all skills.


Message History

You hit the worm.
The worm is severely wounded.
The worm bites you.
You hit the worm.
You feel better.
You bite the worm, but do no damage.
The worm is almost dead.
The worm bites you!
You hit the worm.
You feel better.
You kill the worm!
Found an escape hatch in the floor.
Things that are here:
a +0 short sword; a ball python corpse
Things that are here:
a +0 short sword; a ball python corpse
There is an escape hatch in the floor here.
Found a mace.
Found a runed translucent door.
Crazy Yiuf shouts!
Crazy Yiuf screams, "Blight Hive cower!"
Found a stone staircase leading down.
There is a stone staircase leading down here.
p - an amulet of reflection A hobgoblin comes into view.
The hobgoblin barely misses you.
You closely miss the hobgoblin. The hobgoblin barely misses you.
You hit the hobgoblin but do no damage. Your bite misses the hobgoblin.
The hobgoblin barely misses you. The hobgoblin hits you.
You hit the hobgoblin but do no damage. The hobgoblin hits you.
You hit the hobgoblin.
You feel better.
You kill the hobgoblin!
You see here a hobgoblin corpse.
Crazy Yiuf shouts!
Could not explore, unopened runed door.
You open the door.
Crazy Yiuf says, "Liver!
Hah tired ragdoll."
Crazy Yiuf barely misses you.
There is an open translucent door here.
You barely miss Crazy Yiuf.
Crazy Yiuf hits you with a +4 quarterstaff of chaos!
You are electrocuted!
Ouch! That really hurt!
You die...

###.#..........##..#
#......#
....########'###...#
#......#
......#...<### #####
#......###
..........##
#......)..
..........'# #####
#.####.###
.)........## #..)#
#.# #.# ..........#
#...# #.# #.###
..........# #.g.#
###'## #....
........<.# #@#
#....# #####
########### ♣♣.♣
#....# ♣.♣♣ #....#
♣♣.♣ #....#######
#### ♣.♣♣
#....#.....# #..#
♣♣.♣♣ #....#.###.#
#..# ♣...♣♣
#.#.##.###.# #..#
♣..♣.♣ #.#.##.....#
#..# ##..##
#..)#####..#


You could see Crazy Yiuf.

Vanquished Creatures
  A worm (D:2)
  2 dart slugs (D:2)
  A ball python (D:2)
  A bat (D:2)
  3 goblins
  3 hobgoblins
  5 kobolds
  2 quokkas
  4 rats
22 creatures vanquished.

Notes
Turn   | Place    | Note
-------+----------+-------------------------------------------
     0 | D:1      | Harbin the Gnoll Warper began the quest for the Orb.
     0 | D:1      | Reached XP level 1. HP: 20/20 MP: 6/6
    91 | D:1      | Found Rinoviol's Assorted Antiques.
   618 | D:1      | Reached XP level 2. HP: 15/26 MP: 7/7
   787 | D:1      | Found a faded altar of an unknown god.
  1326 | D:2      | Reached XP level 3. HP: 31/31 MP: 9/9
  1387 | D:2      | Reached skill level 5 in Spellcasting
  1434 | D:2      | Found a runed translucent door.
  1435 | D:2      | Noticed Crazy Yiuf
  1571 | D:2      | Slain by Crazy Yiuf

Illustrated notes

Levels and vault maps discovered:
D:1:      dpeg_arrival_arbitrary_b, layout_loops_corners, serial_shops,
          nicolae_shop_temple_entry_statues_fountains,
          hellmonk_ecumenical_altar_inner_sanctum
D:2:      layout_basic, uniq_crazy_yiuf_cottage

Skill      XL: |  1  2  3 |
---------------+----------+-----
Spellcasting   | 5 |  5.0
Fighting       | |  4.5
Short Blades   | |  0.7
Long Blades    | |  4.5
Axes           | |  0.7
Maces & Flails | |  0.7
Polearms       | |  0.7
Staves         | |  0.7
Slings         | |  0.7
Bows           | |  0.7
Crossbows      | |  0.7
Throwing       | |  2.6
Armour         | |  2.6
Dodging        | |  4.5
Stealth        | |  0.7
Shields        | |  0.7
Unarmed Combat | |  0.7
Conjurations   | |  0.5
Hexes          | |  0.5
Summonings     | |  0.5
Necromancy     | |  0.5
Translocations | |  5.4
Transmutations | |  0.5
Fire Magic     | |  0.5
Ice Magic      | |  0.5
Air Magic      | |  0.5
Earth Magic    | |  0.5
Poison Magic   | |  0.5
Invocations    | |  0.9
Evocations     | |  0.7

Action                   || total
-------------------------++-------
Melee: Falchion          ||    42
       Bite              ||     7
       Short sword       ||    52
Armor: Scale mail        ||    28
       Leather armour    ||     2
Dodge: Dodged            ||    26
Block: Buckler           ||    13
       Rpst.: Falchion   ||     2

Table legend: (Time is in decaauts)
 A = Elapsed time spent in this place.
 B = Non-inter-level travel time spent in this place.
 C = Inter-level travel time spent in this place.
 D = Time resting spent in this place.
 E = Time spent auto-exploring this place.
 F = Levels seen in this place.
 G = Mean time per level.
                   A        B        C        D        E       F      G
               +--------+--------+--------+--------+--------+-----+--------+
         Total |   1582 |   1548 |     34 |      0 |   1287 |   2 |  791.0 |
       Dungeon |   1582 |   1548 |     34 |      0 |   1287 |   2 |  791.0 |
               +--------+--------+--------+--------+--------+-----+--------+

Top non-repeatable levels by time:
     D:1: 987 daAuts
     D:2: 594 daAuts
